 Dungeon Crawl Stone Soup version 0.29-a0-275-g389c0b56f3 (webtiles) character file.

Game seed: 759322593582774035

16 mopl the Twirler (level 2, -1/23 HPs)
             Began as a Palentonga Gladiator on Mar 10, 2022.
             Frozen to death by an endoplasm (4 damage)
             ... on level 1 of the Dungeon.
             The game lasted 00:00:42 (188 turns).

mopl the Twirler (Palentonga Gladiator)              Turns: 188, Time: 00:00:44

Health: -1/23      AC:  5    Str: 17    XL:     2   Next: 41%
Magic:  2/2        EV: 10    Int:  8    God:
Gold:   20         SH:  0    Dex: 11    Spells: 1/1 levels left

rFire   . . .      SeeInvis +   a - +0 quarterstaff
rCold   . . .      Faith    .   (shield currently unavailable)
rNeg    . . .      Spirit   .   b - +0 leather armour
rPois   .          Reflect  .   c - +0 helmet
rElec   .          Harm     .   (no cloak)
rCorr   .          Rampage  .   (no gloves)
Will    .....                   (no barding)
Stlth   +.........              (no amulet)
HPRegen 0.07/turn               (no ring)
MPRegen 0.08/turn               (no ring)

@: no status effects
A: large, rugged brown scales 3, see invisible, deformed body, roll 1, armoured
tail
a: Rolling Charge


You were on level 1 of the Dungeon.
You visited 1 branch of the dungeon, and saw 1 of its levels.

You collected 20 gold pieces.

Inventory:

Hand Weapons
 a - a +0 quarterstaff (weapon)
Missiles
 d - 3 throwing nets (quivered)
 e - a javelin
Armour
 b - a +0 leather armour (worn)
 c - a +0 helmet (worn)
Potions
 f - a potion of resistance {unknown}
 g - a potion of heal wounds {unknown}


   Skills:
 + Level 2.2 Fighting
 * Level 3.3 Staves
 + Level 1.5 Throwing
 + Level 0.4 Armour
 + Level 2.5 Dodging


You had one spell level left.
You didn't know any spells.
Your spell library was empty.

Dungeon Overview and Level Annotations

Branches:
Dungeon (1/15)

Altars:


Innate Abilities, Weirdness & Mutations

You are completely covered in rugged brown scales. (AC +3, +7% HP)
You have supernaturally acute eyesight. (SInv)
Armour fits poorly on your strangely shaped body.
You can roll at nearby foes to attack.
You have a long armoured tail.


Message History

The endoplasm freezes you.
You are frozen.
The ball python bites you but does no damage.
The hobgoblin barely misses you. The endoplasm freezes you.
You are frozen.
The hobgoblin attacks as you move away! The hobgoblin closely misses you.
The ball python attacks as you move away!
The ball python barely misses you. The endoplasm freezes you.
You are frozen.
* * * LOW HITPOINT WARNING * * *
The ball python attacks as you move away!
The ball python bites you but does no damage.
You hit the ball python.
The ball python is severely wounded.
The ball python bites you but does no damage.
The ball python barely misses you.
You closely miss the ball python.
The ball python is severely wounded.
The ball python closely misses you.
You barely miss the ball python.
The ball python is severely wounded.
The ball python misses you. The ball python bites you.
* * * LOW HITPOINT WARNING * * *
You sock the ball python!
You kill the ball python!
You hit the endoplasm.
You kill the endoplasm!
You hit the endoplasm but do no damage. The endoplasm freezes you.
You are frozen.
* * * LOW HITPOINT WARNING * * *
You hit the endoplasm.
The endoplasm is moderately wounded.
The endoplasm hits you.
* * * LOW HITPOINT WARNING * * *
The endoplasm freezes you.
You are frozen.
You die...

#.. ..# ###.###.#
.....#.# #.#.#.#
##.....#####
#..........###### #
#.##....>..†.....
#.####.########.####.#
#..gJ@.# #.# #.#
#...#.b#### #.# #.#
#$# ##.# #.# #.# #.#
#.####.# ..#
####.#...†# .[#
#........## ...#
#.##.#.#..# #..#
#.#.###. # #.#.....


You could see an endoplasm, a hobgoblin and a bat.

Vanquished Creatures
  A dart slug (D:1)
  4 bats (D:1)
  An endoplasm (D:1)
  A giant cockroach (D:1)
  A hobgoblin (D:1)
  A quokka (D:1)
  4 ball pythons (D:1)
  A rat (D:1)
14 creatures vanquished.

Notes
Turn   | Place    | Note
-------+----------+-------------------------------------------
     0 | D:1      | mopl the Palentonga Gladiator began the quest for the Orb.
     0 | D:1      | Reached XP level 1. HP: 17/17 MP: 1/1
   100 | D:1      | Reached XP level 2. HP: 23/23 MP: 2/2
   188 | D:1      | Frozen to death by an endoplasm

Illustrated notes

Levels and vault maps discovered:
D:1:      dpeg_arrival_houses_and_road, layout_loops_ring, st_stairs_8,
          minmay_pentomino_r4

Action                   || total
-------------------------++-------
Melee: Quarterstaff      ||    42
       Tailslap          ||     1
 Abil: Rolling Charge    ||     3
Armor: Leather armour    ||    21
Dodge: Dodged            ||    37

Table legend: (Time is in decaauts)
 A = Elapsed time spent in this place.
 B = Non-inter-level travel time spent in this place.
 C = Inter-level travel time spent in this place.
 D = Time resting spent in this place.
 E = Time spent auto-exploring this place.
 F = Levels seen in this place.
 G = Mean time per level.
                   A        B        C        D        E       F      G
               +--------+--------+--------+--------+--------+-----+--------+
         Total |    193 |    193 |      0 |      0 |    115 |   1 |  193.0 |
       Dungeon |    193 |    193 |      0 |      0 |    115 |   1 |  193.0 |
               +--------+--------+--------+--------+--------+-----+--------+

Top non-repeatable levels by time:
     D:1: 193 daAuts
